 Dungeon Crawl Stone Soup version 0.18-a0-1773-gec4f98e (webtiles) character file.

72 Moloch the Insei (level 4, 0/35 HPs)
             Began as a Draconian Transmuter on Apr 14, 2016.
             Slain by an orc
             ... wielding a +0 flail
              (6 damage)
             ... on level 2 of the Dungeon.
             The game lasted 00:10:12 (2188 turns).

Moloch the Insei (Draconian Transmuter)             Turns: 2188, Time: 00:10:13

Health: 0/35       AC:  5    Str: 18    XL:     4   Next: 7%
Magic:  7/7        EV: 17    Int: 13    God:
Gold:   72         SH:  0    Dex: 18    Spells: 3 memorised, 1 level left

rFire  . . .     SeeInvis .       - Unarmed
rCold  . . .     Gourm    .     (armour unavailable)
rNeg   . . .     Faith    +     (no shield)
rPois  .         Spirit   .     (helmet restricted)
rElec  .         Dismiss  .     (no cloak)
rCorr  .         Reflect  .     (no gloves)
SustAt .         Harm     .     (no boots)
MR     .....                    i - amulet of faith
Stlth  +++.......               (no ring)
                                h - +6 ring of strength

@: agile, not resistant to hostile enchantments, fairly stealthy
A: unfitting armour, cold-blooded, AC +5
a: no special abilities


You were on level 2 of the Dungeon.
You were not hungry.

You visited 1 branch of the dungeon, and saw 3 of its levels.

You collected 72 gold pieces.

Inventory:

Hand Weapons
 l - a +0 hunting sling
Missiles
 a - 12 arrows
 d - 34 sling bullets
 m - 72 stones (quivered)
Jewellery
 h - a +6 ring of strength (left hand)
 i - an amulet of faith (around neck)
Scrolls
 e - a scroll of enchant weapon {unknown}
 g - 3 scrolls of teleportation {unknown}
 j - 3 scrolls of immolation {unknown}
 n - 3 scrolls of identify {unknown}
 o - a scroll of blinking {unknown}
 r - 3 scrolls of random uselessness {unknown}
 s - a scroll of fog {unknown}
Potions
 t - a potion of haste {unknown}
Books
 b - a book of Changes

   Spells                             Type                      Level
   a - Beastly Appendage              Transmutation                1
   b - Sticks to Snakes               Transmutation                2
   c - Spider Form                    Transmutation/Poison         3
   d - Ice Form                       Ice/Transmutation            4
   e - Blade Hands                    Transmutation                5
Comestibles
 c - a bread ration
 f - a meat ration
 p - a beef jerky
 q - 2 chunks of flesh


   Skills:
 - Level 1.1 Fighting
 - Level 1.7 Dodging
 + Level 4.4 Unarmed Combat
 + Level 2.3 Spellcasting
 + Level 2.4 Transmutations


You had one spell level left.
You knew the following spells:

 Your Spells              Type           Power        Failure   Level  Hunger
a - Beastly Appendage     Trmt           #.....       10%         1    #......
b - Sticks to Snakes      Trmt           #.......     14%         2    ###....
c - Spider Form           Trmt/Pois      #.........   52%         3    ###....


Dungeon Overview and Level Annotations

Branches:
Dungeon (3/15)

Altars:
Gozag
Okawaru
Trog
Vehumet
Yredelemnul
The Shining One


Innate Abilities, Weirdness & Mutations

Your plain brown scales are hard (AC +5).
Your body does not fit into most forms of armour.
You are cold-blooded and may be slowed by cold attacks.


Message History

The orc is moderately wounded.
The orc misses you. The orc completely misses you.
You hit the orc but do no damage.
The orc is moderately wounded.
The orc hits you with a flail.
* * * LOW HITPOINT WARNING * * *
The orc barely misses you.
You hit the orc but do no damage. Your headbutt misses the orc.
The orc is moderately wounded.
The orc barely misses you. The orc misses you.
You closely miss the orc. Your headbutt misses the orc.
The orc is moderately wounded.
You hit the orc but do no damage.
The orc is moderately wounded.
Your horns disappear.
The orc barely misses you. x2
You hit the orc but do no damage.
The orc is moderately wounded.
The orc closely misses you. The orc hits you with a flail.
You die...

)...# #.# #.#
###.#######.# #.# #
#.........# #.#
###.#######.# #.#
....# #### #.#
..### #_## #.# ..#
8...8 #.# ..######
.....###o#
.......#8.....8#@o#
#.###### .?.#####
#.# #.# #.#
#.###### .......#
######.# ##
#.#######


You could see 2 orcs.

Vanquished Creatures
  Ijyb (D:2)
  An ooze (D:1)
  2 worms (D:2)
  5 dart slugs (D:1)
  A giant gecko (D:1)
  An orc (D:2)
  5 bats
  A giant cockroach (D:1)
  3 goblins (D:2)
  7 hobgoblins
  2 jackals (D:1)
  A quokka (D:2)
  2 giant newts (D:2)
  3 kobolds
  5 rats
40 creatures vanquished.

Notes
Turn   | Place    | Note
--------------------------------------------------------------
     0 | D:1      | Moloch the Draconian Transmuter began the quest for the Orb.
     0 | D:1      | Reached XP level 1. HP: 16/16 MP: 3/3
   112 | D:1      | Reached XP level 2. HP: 16/23 MP: 5/5
   121 | D:1      | Learned a level 2 spell: Sticks to Snakes
   505 | D:1      | Reached XP level 3. HP: 28/28 MP: 6/6
   552 | D:1      | Learned a level 3 spell: Spider Form
   971 | D:2      | Reached skill level 4 in Unarmed Combat
  1059 | D:2      | Found a bloodstained altar of Trog.
  1062 | D:2      | Found a radiant altar of Vehumet.
  1072 | D:2      | Found an iron altar of Okawaru.
  1173 | D:2      | Found a glowing golden altar of the Shining One.
  1174 | D:2      | Noticed Ijyb
  1185 | D:2      | Killed Ijyb
  1188 | D:2      | Noticed an angel
  1299 | D:2      | Found a basalt altar of Yredelemnul.
  1301 | D:2      | Noticed a profane servitor
  1643 | D:2      | Reached XP level 4. HP: 28/35 MP: 7/7
  1734 | D:2      | Found an opulent altar of Gozag.
  2188 | D:2      | Slain by an orc

Vault maps used:
D:1:      minmay_arrival_diagonal_passages, kennysheep_nondescript
D:2:      grunt_temple_overflow_holy_war, nicolae_overflow_hidden_temple,
          minitemple, mrwooster_statue_mirror, uniq_iyjb
D:3:      zin_academy, grunt_pakellas_basics, first_bread

Skill      XL: |  1  2  3 |
---------------+----------+-----
Unarmed Combat | 4 |  4.4
Fighting       | |  1.1
Dodging        | |  1.7
Spellcasting   | |  2.3
Transmutations | |  2.4

Action                   |  1- 3 |  4- 6 || total
-------------------------+-------+-------++-------
Melee: Unarmed           |   120 |    38 ||   158
       Tailslap          |    13 |     7 ||    20
       Punch             |     2 |     2 ||     4
       Headbutt          |     4 |       ||     4
       Kick              |       |     5 ||     5
 Fire: Hunting sling     |    23 |       ||    23
 Cast: Beastly Appendage |     5 |     2 ||     7
  Use: Potion            |       |     1 ||     1
  Eat: Chunk             |     2 |     2 ||     4
Armor: Skin              |    24 |     7 ||    31
Dodge: Dodged            |    68 |    26 ||    94
